Map: Tuonela LE

Players

DruNkenPaNda - Winner!

  • Race: Protoss Protoss
  • Spawn Location: 6:00

Toasted - Winner!

  • Race: Protoss Protoss
  • Spawn Location: 5:00

Hass - Winner!

  • Race: Protoss Protoss
  • Spawn Location: 5:00

Zetta - Winner!

  • Race: Protoss Protoss
  • Spawn Location: 3:00

Lemon

  • Race: Protoss Protoss
  • League: Diamond
  • Spawn Location: 9:00

Rkz

  • Race: Protoss Protoss
  • Spawn Location: 11:00

NewKiD

  • Race: Protoss Protoss
  • League: Master
  • Spawn Location: 11:00

lapinou

  • Race: Zerg Zerg
  • League: Master
  • Spawn Location: 12:00

VOD

Have the link to the VOD?

Description

Time

  • Played on: May 2, 2025, 10:49 a.m.
  • Length: 22:09
Show
View Real Time Build Order
Export as new Build Order

DruNkenPaNda Protoss - Winner!

Build Orders: 1 Gate Expand, Phoenix Opening, Mass Phoenix 

Get SALT Encoding   

  12  0:03  Probe  
  13  0:15  Probe  
  13  0:19  Pylon  
  14  0:26  Probe  
  15  0:29  Assimilator  
  15  0:34  Probe  
  16  0:42  Probe  
  16  0:49  Gateway  
  17  0:53  Probe  
  18  1:02  Probe  
  18  1:10  Probe  
  20  1:20  Probe  
  21  1:32  Probe  
  22  1:43  Nexus  
  22  1:47  Probe  
  22  1:48  Pylon  
  23  1:58  Cybernetics Core  
  23  2:05  Assimilator, Probe  
  23  2:13  Probe  
  24  2:18  Forge  
  25  2:25  Probe  
  26  2:33  Pylon  
  26  2:38  Stargate  
  26  2:41  Probe  
  27  2:52  Stargate, Probe  
  27  2:54  Probe  
  29  3:00  Probe  
  30  3:06  Probe  
  30  3:07  Shield Battery  
  30  3:11  Probe  
  31  3:13  Shield Battery  
  31  3:18  Probe  
  33  3:21  Probe  
  33  3:24  Phoenix  
  36  3:30  Probe  
  38  3:34  Phoenix  
  38  3:35  Probe  
  40  3:42  Probe  
  40  3:45  Assimilator  
  40  3:47  Probe  
  42  3:52  Warp Gate, Phoenix  
  42  3:54  Probe  
  45  4:00  Probe, Photon Cannon  
  46  4:05  Assimilator  
  46  4:06  Probe  
  46  4:07  Phoenix  
  49  4:12  Probe  
  50  4:18  Probe  
  50  4:23  Phoenix  
  53  4:24  Probe  
  53  4:29  Pylon  
  54  4:31  Photon Cannon  
  54  4:38  Pylon  
  54  4:47  Probe x2, Phoenix  
  54  4:52  Phoenix  
  61  5:00  Probe  
  61  5:04  Fleet Beacon  
  61  5:06  Probe  
  62  5:08  Photon Cannon  
  62  5:11  Pylon  
  62  5:20  Nexus  
  62  5:22  Probe  
  62  5:25  Pylon  
  62  5:26  Protoss Air Weapons Level 1  
  63  5:32  Probe  
  63  5:34  Probe  
  65  5:38  Phoenix  
  67  5:44  Probe  
  67  5:45  Phoenix  
  67  5:47  Anion Pulse-Crystals  
  70  5:51  Probe  
  70  5:56  Probe  
  70  6:03  Phoenix  
  66  6:11  Stargate, Probe  
  61  6:16  Assimilator, Probe  
  61  6:18  Assimilator  
  62  6:21  Shield Battery  
  62  6:24  Photon Cannon  
  62  6:30  Phoenix  
  62  6:31  Probe x2  
  62  6:32  Phoenix  
  66  6:34  Probe  
  66  6:39  Probe x2  
  69  6:41  Photon Cannon  
  69  6:46  Probe  
  72  6:48  Probe  
  72  6:49  Probe  
  74  6:55  Phoenix  
  74  6:56  Phoenix  
  74  6:57  Phoenix  
  74  6:58  Probe  
  74  7:01  Probe x2  
  83  7:10  Probe  
  83  7:13  Probe  
  83  7:14  Probe, Pylon  
  86  7:20  Phoenix  
  86  7:21  Phoenix  
  86  7:22  Probe, Phoenix  
  93  7:25  Probe  
  94  7:33  Probe  
  94  7:34  Probe, Nexus  
  96  7:38  Protoss Air Weapons Level 2, Pylon  
  96  7:40  Photon Cannon  
  96  7:45  Phoenix  
  96  7:50  Probe  
  98  7:53  Phoenix x2  
  103  8:02  Photon Cannon  
  103  8:03  Probe, Photon Cannon  
  103  8:05  Shield Battery  
  103  8:07  Photon Cannon  
  103  8:08  Probe  
  103  8:10  Phoenix  
  107  8:12  Photon Cannon  
  107  8:18  Phoenix  
  107  8:19  Probe x2  
  111  8:23  Phoenix  
  111  8:26  Probe  
  114  8:27  Photon Cannon  
  114  8:31  Pylon  
  114  8:35  Phoenix  
  114  8:40  Photon Cannon  
  116  8:42  Photon Cannon  
  116  8:46  Phoenix  
  118  8:51  Phoenix  
  114  8:56  Probe x3  
  114  8:57  Assimilator  
  114  8:59  Assimilator  
  114  9:00  Phoenix  
  115  9:11  Phoenix  
  115  9:16  Probe, Phoenix  
  120  9:19  Stargate x2, Probe  
  120  9:20  Probe, Pylon x2  
  120  9:21  Shield Battery  
  118  9:25  Phoenix  
  120  9:36  Phoenix  
  122  9:41  Phoenix  
  120  9:48  Protoss Air Weapons Level 3  
  120  9:50  Phoenix  
  120  10:01  Phoenix  
  120  10:06  Phoenix x2  
  126  10:07  Phoenix  
  126  10:08  Probe x2  
  130  10:14  Photon Cannon  
  130  10:15  Photon Cannon  
  130  10:16  Photon Cannon  
  130  10:17  Tempest  
  130  10:18  Pylon x2  
  132  10:26  Tempest  
  136  10:32  Pylon  
  136  10:34  Pylon  
  136  10:35  Pylon  
  136  10:37  Pylon, Twilight Council  
  136  10:38  Probe  
  136  10:39  Gateway  
  136  10:40  Probe x2, Gateway  
  139  10:45  Gateway  
  139  10:46  Gateway  
  139  10:48  Tempest  
  139  10:49  Tempest, Protoss Shields Level 1  
  145  11:05  Tempest  
  145  11:09  Photon Cannon x2  
  148  11:14  Probe  
  148  11:15  Probe x3  
  146  11:20  Charge  
  146  11:22  Tempest  
  146  11:24  Phoenix  
  152  11:26  Probe  
  152  11:27  Probe x3  
  152  11:29  Zealot  
  158  11:37  Tempest  
  158  11:39  Probe  
  163  11:40  Zealot x4  
  163  11:41  Tempest  
  175  11:50  Tempest  
  175  11:58  Unknown  
  175  11:59  Phoenix  
  177  12:03  Probe x2  
  179  12:11  Phoenix  
  181  12:20  Phoenix  
  181  12:24  Phoenix x2  
  179  12:33  Phoenix  
  179  12:36  Phoenix  
  181  12:42  Protoss Shields Level 2  
  167  12:45  Protoss Air Armor Level 1, Phoenix  
  167  12:48  Tempest  
  167  12:49  Phoenix  
  173  12:55  Zealot x4  
  173  12:56  Zealot  
  173  12:58  Phoenix  
  185  13:01  Phoenix  
  187  13:10  Phoenix  
  189  13:14  Phoenix  
  189  13:23  Phoenix  
  189  13:25  Probe  
  192  13:28  Phoenix  
  192  13:32  Phoenix  
  196  13:35  Phoenix  
  196  13:39  Phoenix  
  192  13:48  Phoenix  
  186  13:53  Phoenix, Zealot x3  
  186  13:54  Zealot x2  
  186  14:07  Phoenix x3  
  190  14:13  Phoenix  
  192  14:18  Phoenix  
  192  14:32  Tempest, Phoenix x2  
  200  14:42  Tempest  
  187  14:46  Phoenix  
  187  14:57  Phoenix x2  
  187  15:11  Phoenix  
  187  15:15  Phoenix  
  189  15:22  Phoenix x2  
  189  15:25  Phoenix  
  187  15:36  Phoenix  
  187  15:40  Phoenix  
  191  15:47  Tempest, Phoenix  
  197  15:50  Phoenix  
  199  16:02  Protoss Shields Level 3  
  199  16:08  Protoss Air Armor Level 2  
  193  16:28  Tempest  
  186  16:47  Tempest x2  
  186  16:48  Tempest  
  187  16:57  Tempest  
  186  17:11  Phoenix  
  172  17:30  Phoenix x2  
  172  17:31  Phoenix  
  172  17:36  Phoenix  
  172  17:47  Phoenix  
  174  17:53  Zealot x5  
  174  17:55  Phoenix  
  186  18:00  Phoenix  
  188  18:17  Pylon  
  188  18:18  Pylon  
  188  18:20  Pylon  
  188  18:22  Pylon  
  188  18:35  Phoenix x2  
  188  18:39  Protoss Air Armor Level 3  
  192  18:43  Zealot  
  192  18:44  Zealot x3  
  200  18:57  Nexus  
  200  18:59  Tempest  
  196  19:05  Pylon  
  196  19:06  Pylon  
  196  19:07  Pylon  
  196  19:09  Phoenix  
  198  19:23  Phoenix  
  194  19:37  Phoenix  
  192  19:50  Phoenix  
  188  20:03  Phoenix  
  186  20:08  Phoenix  
  171  20:32  Photon Cannon  
  171  20:33  Photon Cannon  
  171  20:34  Photon Cannon, Phoenix x2  
  175  20:36  Photon Cannon  
  173  20:45  Assimilator  
  173  20:47  Assimilator x2  
  173  20:50  Zealot x5  
  182  21:15  Zealot x3  
  188  21:38  Phoenix  
Show
View Real Time Build Order
Export as new Build Order

Toasted Protoss - Winner!

Build Orders: 1 Gate Expand, Blink Stalkers 

Get SALT Encoding   

  12  0:04  Probe  
  13  0:15  Pylon  
  13  0:18  Probe  
  14  0:31  Probe  
  15  0:36  Gateway  
  15  0:41  Probe  
  15  0:42  Assimilator  
  16  0:50  Probe  
  17  0:59  Probe  
  18  1:12  Probe  
  19  1:28  Nexus  
  19  1:45  Cybernetics Core  
  19  1:46  Probe  
  20  1:51  Assimilator  
  20  1:56  Pylon  
  20  1:59  Probe  
  21  2:08  Probe  
  21  2:14  Stalker  
  22  2:16  Probe  
  23  2:23  Twilight Council  
  23  2:29  Probe  
  25  2:30  Warp Gate  
  26  2:39  Probe  
  26  2:41  Probe  
  26  2:42  Sentry  
  28  2:46  Blink  
  28  2:48  Probe  
  30  2:53  Probe  
  30  2:58  Gateway  
  32  3:07  Probe  
  32  3:10  Probe  
  34  3:19  Probe  
  35  3:29  Probe  
  35  3:31  Stalker, Probe  
  35  3:34  Pylon  
  39  3:41  Probe  
  40  3:44  Probe, Gateway  
  40  3:45  Stalker  
  43  3:57  Probe  
  43  3:58  Probe  
  45  4:07  Assimilator  
  45  4:09  Probe  
  46  4:10  Probe  
  46  4:11  Assimilator  
  46  4:12  Pylon  
  46  4:15  Gateway  
  47  4:20  Pylon  
  47  4:21  Probe  
  47  4:22  Probe  
  47  4:23  Stalker  
  51  4:25  Stalker  
  53  4:33  Probe  
  53  4:34  Probe  
  55  4:43  Nexus  
  55  4:45  Charge  
  55  4:50  Probe x2, Pylon  
  57  5:01  Forge  
  57  5:02  Probe  
  57  5:05  Probe  
  59  5:12  Zealot  
  59  5:13  Shield Battery  
  61  5:14  Probe  
  61  5:15  Zealot  
  61  5:19  Probe  
  65  5:22  Protoss Ground Weapons Level 1  
  65  5:26  Probe  
  66  5:31  Probe  
  66  5:32  Pylon  
  67  5:38  Robotics Facility, Probe  
  68  5:43  Probe  
  68  5:47  Pylon, Zealot  
  68  5:48  Zealot  
  73  5:50  Probe  
  73  5:54  Zealot  
  73  5:55  Zealot  
  78  5:59  Probe  
  78  6:00  Probe  
  78  6:02  Probe  
  81  6:23  Gateway  
  81  6:24  Gateway  
  81  6:27  Observer  
  81  6:28  Templar Archives  
  81  6:29  Probe x3  
  81  6:32  Zealot  
  87  6:33  Zealot x3  
  87  6:38  Assimilator  
  93  6:41  Probe x2  
  93  6:42  Assimilator  
  95  7:06  Protoss Ground Weapons Level 2  
  95  7:10  High Templar x4, Psionic Storm  
  103  7:30  Gateway  
  103  7:31  Gateway  
  103  7:35  Gateway  
  103  7:36  Probe x2  
  105  7:37  Gateway  
  105  7:38  Probe  
  105  7:40  Pylon  
  105  7:41  Pylon  
  105  7:43  Pylon  
  106  7:47  Pylon  
  106  7:49  Pylon  
  106  7:52  Pylon  
  106  7:54  Pylon  
  106  7:55  Zealot  
  106  7:58  Immortal, Zealot x2  
  114  7:59  Zealot  
  114  8:00  Zealot x2  
  122  8:12  Nexus  
  122  8:15  Pylon  
  122  8:19  Pylon  
  112  8:22  Pylon  
  112  8:24  High Templar x6  
  114  8:28  Archon x2  
  114  8:29  Archon  
  114  8:33  Probe x3  
  113  8:37  Shield Battery, Observer  
  113  8:39  Assimilator  
  114  8:43  Assimilator  
  114  8:44  Zealot x2  
  114  8:45  Probe x3, Zealot x2  
  114  8:46  Photon Cannon  
  125  8:48  Photon Cannon  
  125  8:55  Immortal  
  129  8:57  Stalker x5  
  127  9:19  Stalker x2  
  127  9:20  Stalker x5  
  131  9:34  Observer  
  116  9:51  Observer  
  93  10:08  Stalker x6  
  93  10:09  Stalker x4  
  93  10:10  Protoss Ground Weapons Level 3  
  93  10:12  Probe x2  
  93  10:13  Probe x2  
  117  10:21  Pylon  
  117  10:23  Pylon  
  117  10:24  Probe  
  117  10:25  Probe x3, Pylon  
  121  10:36  Probe  
  121  10:38  Immortal  
  121  10:40  High Templar x7  
  140  10:44  Archon x3  
  140  10:48  Probe  
  141  10:51  Zealot  
  141  10:52  Zealot x2  
  147  11:14  Photon Cannon  
  147  11:15  High Templar x2  
  147  11:16  High Templar x3, Photon Cannon, Observer  
  158  11:20  High Templar, Photon Cannon  
  158  11:22  Zealot x4  
  168  11:27  Archon x2  
  168  11:28  Immortal, Archon  
  172  11:48  Zealot x6  
  172  11:49  Zealot x3  
  188  12:06  Observer  
  159  12:25  Stalker x7  
  159  12:26  Stalker x3  
  175  13:01  Zealot  
  175  13:02  Zealot x8  
  132  13:41  Protoss Ground Armor Level 1  
  132  13:42  High Templar x8  
  132  13:43  High Templar x2  
  140  13:55  Archon  
  132  14:11  Immortal  
  132  14:14  Stalker  
  132  14:15  Stalker x7  
  132  14:16  Stalker x2  
  156  14:38  Zealot x2  
  156  14:39  Zealot x7  
  172  14:50  Observer  
  93  15:27  Stalker x3  
  99  15:28  High Templar  
  99  15:29  High Templar x6  
  113  15:36  Immortal  
  117  15:51  High Templar x2  
  117  15:52  High Templar  
  123  16:01  High Templar  
  123  16:02  High Templar x2  
  123  16:04  High Templar x2  
  133  16:05  Zealot x2  
  133  16:08  Archon x3  
  133  16:09  Archon  
  133  16:22  Observer  
  134  16:32  Zealot x5  
  144  16:33  Zealot  
  146  16:40  Immortal  
  146  16:41  Nexus  
  120  17:15  Immortal  
  116  17:20  Probe x3  
  123  17:23  Pylon  
  123  17:26  Protoss Ground Armor Level 2, Pylon  
  123  17:32  Probe x2  
  125  17:40  Zealot x5  
  125  17:41  Zealot x5  
  145  17:48  Observer  
  145  17:51  Assimilator  
  145  17:54  Photon Cannon  
  146  18:01  Zealot x3, Photon Cannon  
  146  18:02  Zealot x7  
  146  18:03  Photon Cannon  
  166  18:06  Observer  
  166  18:08  Photon Cannon  
  166  18:10  Photon Cannon  
  166  18:12  Photon Cannon  
  167  18:14  Photon Cannon  
  167  18:17  Pylon  
  167  18:18  Shield Battery  
  167  18:23  Stalker x3  
  167  18:24  Stalker x7, Observer  
  180  18:42  Immortal  
  176  18:51  High Templar x2  
  176  18:52  High Templar x5  
  190  18:57  Archon  
  190  18:58  Archon x2  
  190  19:15  Zealot x3  
  196  19:21  Observer  
  197  19:24  Zealot  
  119  20:10  Stalker x3  
  119  20:11  Stalker x7  
  132  20:19  Immortal  
  136  20:35  Stalker x4  
  140  20:36  Stalker x4  
  151  20:57  Stalker x2  
  151  20:58  Stalker x3  
  161  21:17  Zealot x4  
  161  21:18  Zealot  
  171  21:31  Stalker  
  171  21:32  Stalker x4  
Show
View Real Time Build Order
Export as new Build Order

Hass Protoss - Winner!

Build Orders: Double Forge, Nexus First, Zealot Archon 

Get SALT Encoding   

  12  0:00  Probe  
  13  0:12  Probe  
  14  0:19  Pylon  
  14  0:24  Probe  
  15  0:34  Probe  
  15  0:42  Probe  
  17  0:52  Probe  
  18  1:01  Nexus  
  18  1:11  Gateway  
  18  1:18  Assimilator  
  18  1:22  Assimilator  
  18  1:23  Probe  
  19  1:32  Probe  
  20  1:40  Probe  
  21  1:50  Probe  
  21  1:51  Pylon  
  22  1:58  Cybernetics Core  
  22  2:02  Probe  
  23  2:12  Probe  
  23  2:13  Probe  
  25  2:16  Gateway  
  25  2:20  Probe  
  25  2:21  Probe  
  25  2:28  Probe  
  25  2:29  Probe  
  27  2:34  Warp Gate  
  29  2:40  Twilight Council  
  29  2:42  Probe  
  29  2:43  Probe  
  31  2:49  Pylon  
  31  2:58  Robotics Facility  
  31  3:00  Probe  
  31  3:02  Probe  
  33  3:06  Charge  
  33  3:10  Gateway  
  33  3:12  Probe  
  34  3:17  Probe  
  34  3:18  Zealot  
  36  3:25  Probe  
  37  3:28  Assimilator  
  37  3:30  Probe  
  37  3:31  Assimilator  
  39  3:35  Probe  
  39  3:37  Templar Archives  
  40  3:43  Probe  
  40  3:45  Observer  
  40  3:47  Probe  
  43  3:55  Probe  
  44  3:59  Gateway  
  44  4:00  Probe  
  44  4:01  Gateway  
  45  4:07  Probe  
  46  4:12  Probe  
  46  4:14  Pylon  
  47  4:19  Probe  
  47  4:22  High Templar x2  
  47  4:23  Zealot  
  54  4:29  Pylon  
  54  4:32  Probe x2  
  56  4:39  Nexus  
  56  4:40  Pylon  
  56  4:41  Archon  
  56  4:47  Forge  
  56  4:53  Probe x2  
  56  4:54  Forge  
  56  4:56  Protoss Ground Weapons Level 1  
  56  4:58  Protoss Ground Armor Level 1  
  58  5:00  High Templar x2  
  58  5:01  Assimilator  
  58  5:04  Assimilator  
  58  5:05  Probe, Archon  
  58  5:06  Probe  
  64  5:16  High Templar x2  
  64  5:17  Probe, Zealot  
  64  5:18  Probe  
  72  5:23  Archon  
  72  5:29  Probe  
  72  5:30  Probe  
  72  5:33  Pylon  
  74  5:39  Pylon  
  74  5:41  Gateway  
  74  5:42  Probe x2  
  76  5:45  Gateway  
  76  5:54  Probe x3  
  79  6:03  High Templar  
  79  6:04  High Templar, Zealot  
  83  6:06  Probe x3  
  83  6:08  Archon  
  88  6:14  Pylon  
  88  6:17  High Templar  
  88  6:18  High Templar, Probe x3  
  92  6:24  Gateway  
  92  6:25  Gateway, Archon  
  95  6:30  Probe x3  
  95  6:31  Pylon  
  98  6:36  Pylon  
  98  6:38  Pylon  
  98  6:39  High Templar x2  
  102  6:40  Pylon, Zealot  
  102  6:41  Zealot  
  102  6:44  Protoss Ground Weapons Level 2, Archon  
  102  6:46  Pylon  
  107  6:47  Probe  
  107  6:56  High Templar x2, Pylon  
  107  6:57  Zealot  
  107  7:00  Pylon  
  113  7:02  Archon  
  113  7:07  Pylon  
  113  7:09  Pylon  
  113  7:17  Zealot x2  
  117  7:29  Immortal, Nexus  
  121  7:32  Pylon  
  121  7:36  High Templar x2  
  125  7:37  Zealot x2  
  125  7:38  Zealot x2  
  125  7:41  Archon  
  131  7:53  Zealot  
  131  7:54  Zealot x2  
  122  8:01  Protoss Ground Armor Level 2  
  94  8:13  Zealot x2  
  94  8:14  Zealot x3  
  94  8:15  Zealot x3  
  100  8:27  Shield Battery  
  100  8:29  Photon Cannon  
  100  8:32  High Templar  
  100  8:34  High Templar x3  
  104  8:35  Zealot x5  
  104  8:38  Archon x2  
  96  8:48  Immortal  
  96  8:52  Probe  
  87  8:55  Assimilator, Probe  
  87  8:56  Probe  
  87  8:58  Blink  
  87  9:00  High Templar x3  
  87  9:01  High Templar  
  87  9:02  Zealot  
  99  9:11  Archon  
  99  9:12  Archon  
  99  9:14  Zealot  
  99  9:15  Zealot  
  99  9:16  Zealot x2  
  99  9:23  Zealot  
  87  9:36  Stalker, Assimilator  
  87  9:37  Stalker x6  
  87  9:38  Stalker  
  101  9:47  Probe x3  
  101  9:48  Stalker, Probe  
  103  10:05  Sentry  
  103  10:06  High Templar x3  
  107  10:07  Protoss Ground Weapons Level 3, Zealot x2  
  107  10:08  Zealot x2  
  107  10:13  Archon  
  111  10:19  Observer  
  111  10:21  Probe  
  113  10:29  High Templar, Protoss Ground Armor Level 3  
  113  10:30  High Templar, Zealot  
  113  10:31  Zealot x3  
  125  10:40  Archon  
  125  10:41  High Templar  
  127  10:43  Zealot x2  
  127  10:49  Gateway  
  131  10:52  Gateway  
  131  10:53  Archon  
  131  10:54  Gateway  
  131  10:55  Stalker x2  
  131  10:56  Gateway  
  135  10:59  Gateway  
  135  11:02  Gateway  
  135  11:04  Stalker x3  
  135  11:05  Stalker x3, Gateway  
  147  11:25  Stalker  
  147  11:26  Stalker x2  
  147  11:27  Zealot x4  
  147  11:28  Psionic Storm, Zealot x2  
  165  11:37  Immortal  
  169  11:40  Gateway  
  169  11:42  Gateway  
  169  11:44  Gateway  
  169  11:45  High Templar  
  171  11:47  High Templar  
  171  11:48  Zealot  
  171  11:49  Zealot x7  
  171  11:54  Archon  
  189  12:01  Stalker x3  
  189  12:02  Stalker x3  
  199  12:16  Dark Shrine  
  199  12:31  Nexus  
  199  12:32  Pylon  
  199  12:34  Assimilator  
  199  12:37  Assimilator  
  197  12:49  Immortal  
  185  13:00  Stalker x5  
  185  13:01  Stalker x4, Protoss Shields Level 1  
  130  14:01  High Templar x3  
  130  14:02  High Templar x6  
  116  14:03  High Templar x4  
  116  14:04  Zealot  
  116  14:05  Zealot x4  
  116  14:06  Zealot  
  116  14:09  Archon  
  128  14:10  Archon x5  
  128  14:16  Immortal  
  132  14:27  Stalker x4  
  132  14:28  Stalker x2  
  144  14:37  Gateway  
  144  14:38  Gateway  
  144  14:40  High Templar x2  
  144  14:41  High Templar, Gateway  
  144  14:42  High Templar, Gateway  
  144  14:43  Zealot x5  
  144  14:44  Zealot x4  
  170  14:55  Observer  
  171  15:02  Pylon  
  171  15:04  High Templar x4  
  171  15:05  Zealot x4  
  171  15:06  Zealot x6  
  199  15:11  Protoss Shields Level 2, Gateway  
  199  15:13  Gateway  
  87  16:12  Stalker  
  87  16:13  Stalker x6  
  87  16:14  Stalker x4  
  87  16:15  Stalker x4  
  87  16:16  Stalker x3  
  87  16:17  Stalker x2  
  87  16:18  Stalker x2  
  121  16:19  Stalker x2  
  121  16:21  Observer  
  128  16:40  Dark Templar  
  128  16:41  Dark Templar x5  
  88  17:01  Stalker x3  
  88  17:02  Stalker x7  
  106  17:12  Stargate  
  106  17:13  Zealot x6  
  106  17:14  Zealot x4  
  106  17:15  Zealot x5  
  136  17:28  Protoss Air Weapons Level 1  
  136  17:31  Stargate  
  136  17:33  Stargate  
  136  17:40  Zealot  
  136  17:41  Zealot x5  
  136  17:42  Zealot x7  
  136  17:43  Zealot x2  
  166  17:48  High Templar  
  166  17:49  High Templar x2  
  166  17:50  Zealot  
  164  18:13  Dark Shrine  
  138  18:25  Fleet Beacon  
  132  18:28  Stargate  
  132  18:30  Stargate  
  108  18:57  High Templar x3  
  108  18:58  High Templar  
  108  18:59  Zealot x4  
  108  19:00  Zealot x3  
  108  19:01  Zealot x2  
  132  19:18  Tempest  
  132  19:19  Zealot x4  
  132  19:20  Zealot x5  
  132  19:21  Zealot x4  
  132  19:22  Zealot  
  132  19:23  Zealot  
  166  19:35  Tempest  
  166  19:38  Protoss Air Weapons Level 2  
  114  20:09  Tempest x2  
  114  20:26  Tempest  
  101  20:36  Tempest  
  101  20:41  Zealot x3  
  101  20:42  Unknown, Zealot x5  
  103  21:01  Tempest  
  97  21:56  Nexus  
  97  21:57  Dark Templar x3  
Show
View Real Time Build Order
Export as new Build Order

Zetta Protoss - Winner!

Build Orders: 1 Gate Expand 

Get SALT Encoding   

  12  0:00  Probe  
  13  0:12  Probe  
  14  0:21  Pylon  
  14  0:25  Probe  
  15  0:36  Probe  
  16  0:44  Probe  
  16  0:46  Gateway  
  17  0:52  Assimilator  
  17  0:53  Probe  
  18  1:05  Probe  
  19  1:17  Probe  
  20  1:31  Nexus  
  20  1:40  Cybernetics Core  
  20  1:42  Probe  
  21  1:55  Probe  
  21  1:59  Warp Gate  
  21  2:00  Assimilator  
  21  2:01  Pylon  
  22  2:07  Probe  
  23  2:16  Stalker  
  23  2:19  Probe  
  26  2:28  Gateway  
  26  2:31  Probe  
  27  2:40  Probe  
  27  2:41  Probe  
  27  2:43  Stalker  
  28  2:48  Probe  
  28  2:49  Probe  
  31  2:54  Pylon  
  31  2:57  Probe  
  34  3:10  Stalker  
  34  3:11  Probe x2  
  36  3:17  Robotics Facility  
  38  3:23  Probe x2  
  40  3:34  Twilight Council  
  40  3:35  Probe x2  
  40  3:39  Pylon  
  42  3:47  Probe  
  42  3:48  Probe  
  44  3:50  Pylon  
  44  4:00  Probe x2  
  44  4:01  Pylon  
  46  4:07  Observer  
  46  4:09  Stalker x2  
  51  4:12  Blink, Probe x2  
  53  4:22  Probe  
  53  4:24  Probe  
  55  4:25  Assimilator x2  
  55  4:29  Forge  
  55  4:30  Probe  
  55  4:36  Probe  
  57  4:38  Probe  
  57  4:42  Gateway  
  57  4:43  Gateway  
  57  4:45  Observer  
  58  4:48  Probe  
  58  4:50  Probe  
  61  4:56  Observer  
  61  5:00  Probe  
  61  5:02  Probe  
  61  5:04  Photon Cannon  
  64  5:08  Photon Cannon  
  64  5:12  Probe  
  65  5:20  Observer  
  66  5:28  Probe, Protoss Ground Weapons Level 1  
  66  5:29  Stalker x2  
  66  5:30  Probe  
  66  5:34  Gateway  
  72  5:36  Gateway  
  72  5:39  Gateway  
  72  5:40  Probe  
  72  5:41  Observer  
  72  5:42  Probe  
  75  5:45  Stalker  
  77  5:54  Probe  
  77  5:56  Robotics Facility, Pylon  
  78  5:58  Nexus  
  78  6:14  Probe, Pylon x2  
  78  6:17  Probe, Pylon  
  80  6:20  Stalker x3  
  86  6:32  Stalker, Probe  
  89  6:39  Stalker  
  91  6:40  Stalker x2  
  91  6:45  Photon Cannon  
  91  6:47  Photon Cannon  
  95  6:51  Stalker x2  
  99  6:58  Assimilator  
  99  7:09  Stalker x3  
  99  7:13  Pylon  
  99  7:15  Forge  
  105  7:24  Stalker  
  105  7:25  Stalker  
  109  7:42  Stalker x5  
  81  8:13  Stalker x3  
  81  8:14  Stalker x4  
  87  8:31  Assimilator  
  85  8:42  Protoss Ground Weapons Level 2, Protoss Ground Armor Level 1  
  79  8:50  Stalker x7  
  93  9:01  Gateway  
  87  9:21  Stalker  
  87  9:22  Stalker x6  
  99  9:34  Probe x3  
  99  9:37  Stargate  
  102  9:39  Stargate x2  
  102  9:43  Stargate  
  102  9:46  Probe x2  
  94  10:03  Stalker x4  
  94  10:04  Stalker x3  
  104  10:09  Protoss Air Weapons Level 1  
  104  10:28  Fleet Beacon  
  104  10:31  Cybernetics Core  
  104  10:35  Observer  
  104  10:36  Observer  
  106  10:43  Nexus  
  106  10:44  Assimilator  
  106  10:48  Assimilator, Pylon  
  106  10:49  Pylon x2  
  104  11:05  Probe x3  
  104  11:10  Tempest x3  
  107  11:17  Probe  
  108  11:20  Tempest  
  108  11:25  Photon Cannon x2  
  124  11:27  Shield Battery  
  124  11:46  Tempest x2  
  128  12:01  Tempest  
  128  12:02  Tempest  
  136  12:26  Tempest x2  
  144  12:44  Tempest  
  148  12:53  Tempest  
  148  12:55  Observer  
  151  13:12  Tempest  
  143  13:31  Tempest x2  
  143  13:32  Tempest  
  132  13:43  Tempest  
  140  14:04  Tempest  
  140  14:14  Protoss Air Weapons Level 2  
  140  14:16  Tempest  
  144  14:17  Tempest  
  152  14:30  Tempest  
  156  14:53  Tempest  
  156  14:59  Tempest  
  164  15:07  Tempest  
  164  15:12  Tempest  
  148  15:35  Tempest  
  152  15:44  Tempest  
  152  15:49  Tempest  
  156  15:55  Tempest  
  125  16:18  Tempest  
  109  16:34  Tempest  
  105  17:02  Tempest  
  105  17:21  Tempest  
  109  17:37  Pylon x2  
  109  17:39  Pylon x2  
  109  17:41  Pylon  
  109  17:43  Nexus  
  109  17:45  Pylon x2  
  109  17:48  Nexus, Pylon  
  109  17:51  Assimilator  
  109  17:52  Assimilator  
  109  17:54  Pylon  
  109  17:56  Pylon  
  109  18:14  Protoss Air Armor Level 1  
  109  18:18  Tempest  
  109  18:32  Observer  
  109  18:44  Photon Cannon  
  109  18:45  Photon Cannon  
  109  18:57  Tempest  
  112  19:14  Photon Cannon  
  112  19:15  Photon Cannon  
  112  19:17  Assimilator  
  112  19:26  Tempest  
  116  19:56  Tempest x2  
  112  20:09  Tempest  
  79  20:37  Tempest  
  82  21:03  Tempest  
  81  21:10  Tempest  
Show
View Real Time Build Order
Export as new Build Order

Lemon Protoss 

Build Orders: Nexus First, Carriers 

Get SALT Encoding   

  12  0:00  Probe  
  13  0:12  Probe  
  14  0:18  Pylon  
  14  0:24  Probe  
  15  0:36  Probe  
  16  0:57  Nexus  
  16  1:06  Gateway  
  16  1:12  Assimilator  
  16  1:14  Probe  
  17  1:25  Probe  
  18  1:33  Probe  
  19  1:41  Probe  
  20  2:01  Cybernetics Core  
  20  2:10  Probe x2, Pylon  
  20  2:15  Assimilator  
  22  2:19  Probe  
  22  2:20  Probe  
  24  2:25  Forge  
  24  2:27  Probe  
  24  2:28  Probe  
  24  2:36  Probe x2  
  26  2:41  Stargate  
  28  2:48  Probe  
  28  2:49  Probe  
  30  2:58  Probe  
  30  3:01  Probe, Photon Cannon  
  32  3:06  Probe  
  33  3:13  Probe  
  33  3:15  Probe  
  35  3:25  Probe  
  36  3:27  Probe  
  36  3:31  Assimilator  
  37  3:35  Void Ray  
  37  3:37  Probe  
  37  3:39  Probe  
  43  3:49  Probe  
  43  3:51  Stargate, Probe  
  45  4:01  Probe  
  45  4:02  Assimilator  
  46  4:12  Nexus  
  46  4:13  Pylon  
  46  4:16  Pylon  
  46  4:31  Probe x2  
  48  4:42  Fleet Beacon  
  48  4:44  Probe x2  
  50  4:55  Photon Cannon  
  50  4:56  Probe x2  
  50  4:57  Photon Cannon  
  50  4:59  Photon Cannon  
  52  5:07  Protoss Shields Level 1  
  52  5:12  Carrier x2  
  52  5:19  Pylon  
  52  5:20  Pylon  
  52  5:27  Protoss Air Weapons Level 1  
  64  5:32  Probe x3  
  67  5:44  Probe x3  
  70  5:55  Photon Cannon  
  70  5:59  Photon Cannon  
  70  6:01  Pylon  
  70  6:04  Carrier x2  
  70  6:10  Probe x3  
  85  6:22  Probe x3  
  88  6:32  Assimilator  
  88  6:34  Probe x2  
  88  6:35  Assimilator, Probe  
  91  6:46  Probe x2  
  93  6:52  Nexus  
  93  6:54  Pylon  
  93  6:55  Pylon  
  93  6:56  Carrier  
  93  7:01  Carrier  
  105  7:31  Protoss Air Armor Level 1  
  105  7:40  Photon Cannon  
  105  7:41  Photon Cannon  
  105  7:43  Photon Cannon  
  105  7:46  Photon Cannon  
  105  7:48  Photon Cannon  
  105  7:49  Photon Cannon  
  105  7:56  Carrier  
  105  8:00  Carrier  
  117  8:43  Stargate  
  117  8:44  Stargate  
  117  8:53  Carrier  
  113  9:52  Carrier x4  
  107  10:09  Stargate  
  107  10:14  Probe x4  
  107  10:18  Assimilator  
  111  10:21  Protoss Air Weapons Level 2, Assimilator  
  111  10:26  Probe x2, Photon Cannon  
  113  10:46  Carrier x2  
  113  10:47  Carrier  
  113  10:53  Nexus  
  113  10:54  Pylon  
  113  10:56  Pylon  
  131  10:58  Pylon  
  131  10:59  Carrier  
  131  11:05  Pylon  
  131  11:06  Pylon  
  131  11:08  Pylon  
  131  11:09  Pylon  
  131  11:10  Pylon  
  137  11:18  Cybernetics Core  
  137  11:32  Carrier  
  143  11:40  Stargate  
  143  11:44  Carrier  
  143  11:45  Carrier x2  
  143  11:50  Robotics Facility  
  143  11:51  Pylon  
  143  11:57  Carrier  
  167  12:14  Photon Cannon x2  
  167  12:15  Carrier  
  167  12:16  Photon Cannon  
  167  12:18  Photon Cannon  
  167  12:19  Photon Cannon  
  167  12:20  Photon Cannon  
  167  12:22  Photon Cannon  
  167  12:24  Photon Cannon  
  167  12:26  Shield Battery  
  167  12:28  Shield Battery  
  173  12:31  Photon Cannon  
  173  12:36  Carrier  
  179  12:38  Mothership  
  179  12:41  Protoss Air Armor Level 2  
  187  12:53  Photon Cannon  
  177  13:28  Carrier  
  177  13:35  Pylon  
  177  13:37  Carrier  
  177  13:43  Carrier  
  177  13:53  Carrier  
  177  13:54  Carrier  
  165  14:13  Carrier  
  171  14:35  Nexus  
  171  14:45  Carrier  
  177  14:50  Protoss Air Weapons Level 3  
  177  15:18  Carrier  
  171  15:36  Carrier x2  
  171  15:39  Carrier  
  171  15:41  Pylon  
  177  15:43  Pylon  
  177  15:44  Pylon  
  177  15:46  Probe  
  177  15:47  Carrier  
  177  16:17  Carrier  
  183  16:21  Carrier  
  189  16:33  Carrier  
  189  16:46  Carrier x3  
  157  17:11  Carrier  
  139  17:31  Protoss Air Armor Level 3  
  120  17:46  Carrier  
  126  18:27  Carrier x2  
  120  19:06  Observer  
  121  19:15  Gateway  
  121  19:16  Gateway  
  121  19:18  Gateway  
  121  19:19  Gateway  
  79  20:10  Carrier  
Show
View Real Time Build Order
Export as new Build Order

Rkz Protoss 

Build Orders: Nexus First 

Get SALT Encoding   

  12  0:00  Probe  
  13  0:12  Probe  
  14  0:26  Pylon  
  14  0:27  Probe  
  15  0:40  Probe  
  16  0:56  Probe  
  16  1:00  Nexus  
  17  1:08  Probe  
  18  1:18  Probe  
  19  1:28  Probe  
  20  1:35  Assimilator  
  19  2:00  Probe  
  20  2:05  Assimilator  
  20  2:08  Forge  
  20  2:12  Pylon  
  20  2:15  Pylon  
  20  2:18  Pylon  
  20  2:20  Probe  
  20  2:21  Pylon  
  20  2:25  Pylon  
  20  2:28  Probe  
  21  2:35  Probe, Pylon  
  22  2:38  Pylon  
  23  2:46  Probe  
  24  3:04  Probe, Nexus  
  25  3:07  Probe  
  26  3:20  Probe, Pylon  
  26  3:23  Pylon  
  27  3:32  Pylon  
  27  3:36  Pylon  
  27  3:38  Probe  
  28  3:42  Probe  
  29  3:50  Probe  
  30  4:06  Photon Cannon  
  30  4:09  Photon Cannon  
  30  4:12  Photon Cannon  
  30  4:17  Photon Cannon  
  30  4:22  Probe  
  30  4:24  Probe  
  32  4:32  Probe  
  32  4:34  Photon Cannon  
  32  4:37  Photon Cannon  
  33  4:42  Probe, Pylon  
  33  4:43  Probe  
  35  4:54  Probe  
  36  5:04  Photon Cannon  
  36  5:07  Probe  
  37  5:08  Probe, Photon Cannon  
  38  5:20  Probe  
  39  5:32  Probe  
  39  5:33  Probe  
  39  5:34  Photon Cannon  
  39  5:36  Probe, Photon Cannon  
  39  5:40  Photon Cannon  
  39  5:41  Probe  
  39  5:42  Photon Cannon  
  42  5:45  Photon Cannon  
  43  5:55  Probe  
  43  6:00  Photon Cannon  
  43  6:01  Assimilator  
  43  6:02  Photon Cannon  
  44  6:05  Protoss Shields Level 1  
  44  6:08  Probe  
  45  6:13  Gateway  
  45  6:16  Probe  
  46  6:19  Probe  
  47  6:27  Probe  
  47  6:31  Probe  
  48  6:33  Probe  
  48  6:35  Probe  
  51  6:41  Probe  
  51  6:45  Photon Cannon  
  52  6:47  Photon Cannon  
  52  6:49  Photon Cannon  
  52  6:51  Probe  
  52  6:52  Probe, Photon Cannon  
  54  6:54  Photon Cannon  
  54  6:59  Photon Cannon  
  54  7:02  Photon Cannon  
  54  7:03  Assimilator, Probe  
  54  7:04  Probe  
  56  7:15  Probe  
  56  7:16  Probe  
  56  7:17  Assimilator  
  56  7:21  Assimilator, Probe  
  58  7:23  Cybernetics Core  
  58  7:27  Probe  
  60  7:47  Probe  
  61  7:55  Probe  
  60  8:05  Probe  
  61  8:17  Probe  
  62  8:28  Pylon  
  62  8:29  Probe  
  62  8:32  Pylon  
  63  8:35  Pylon  
  63  8:36  Protoss Air Weapons Level 1  
  63  8:37  Pylon  
  63  8:39  Nexus  
  63  8:42  Probe  
  64  8:52  Stargate  
  64  8:53  Stargate x2  
  64  8:54  Probe  
  65  8:56  Stargate  
  65  9:01  Stargate  
  65  9:02  Stargate  
  65  9:06  Stargate  
  65  9:16  Pylon  
  65  9:18  Pylon  
  65  9:20  Pylon  
  65  9:22  Pylon  
  65  9:25  Pylon  
  65  9:30  Pylon  
  65  9:39  Probe  
  66  9:47  Probe  
  95  9:57  Void Ray x6  
  95  9:58  Void Ray  
  95  10:05  Fleet Beacon  
  95  10:18  Protoss Air Armor Level 1  
  95  10:25  Probe  
  95  10:33  Probe  
  96  10:35  Assimilator  
  96  10:37  Assimilator  
  97  10:43  Probe, Photon Cannon  
  97  10:45  Photon Cannon  
  97  10:46  Photon Cannon  
  97  10:48  Photon Cannon  
  97  10:49  Photon Cannon  
  98  10:51  Photon Cannon  
  98  10:53  Photon Cannon  
  98  10:55  Photon Cannon  
  98  10:57  Photon Cannon  
  98  10:59  Photon Cannon  
  98  11:02  Photon Cannon  
  98  11:04  Probe, Photon Cannon  
  98  11:07  Photon Cannon  
  98  11:09  Photon Cannon  
  99  11:11  Photon Cannon  
  99  11:12  Flux Vanes, Probe  
  128  11:23  Void Ray x4  
  128  11:24  Void Ray x3  
  128  11:40  Twilight Council  
  152  12:09  Void Ray  
  152  12:10  Void Ray x5  
  152  12:17  Protoss Shields Level 2  
  152  12:21  Probe  
  157  12:31  Protoss Air Weapons Level 2  
  157  12:33  Probe  
  157  12:34  Void Ray  
  162  12:57  Void Ray x2  
  162  12:58  Void Ray  
  174  13:00  Void Ray  
  178  13:07  Void Ray  
  182  13:27  Void Ray  
  190  14:01  Void Ray x4  
  190  14:02  Void Ray  
  184  15:01  Void Ray x4  
  184  15:05  Protoss Air Armor Level 2  
  195  15:10  Void Ray x3  
  179  15:52  Void Ray  
  179  15:55  Void Ray  
  181  16:08  Void Ray  
  181  16:09  Void Ray x2  
  181  16:29  Void Ray  
  177  16:50  Void Ray x2  
  177  16:51  Void Ray  
  177  16:52  Void Ray  
  169  16:56  Void Ray x2  
  161  17:12  Void Ray  
  173  17:33  Void Ray x2  
  173  17:34  Void Ray  
  161  17:41  Nexus  
  161  17:43  Pylon  
  149  17:44  Pylon  
  149  17:46  Pylon  
  149  17:48  Pylon  
  149  17:49  Pylon  
  149  17:52  Pylon  
  161  17:58  Void Ray  
  161  17:59  Void Ray x2  
  161  18:00  Pylon  
  165  18:16  Void Ray  
  165  18:19  Void Ray  
  169  18:21  Photon Cannon  
  169  18:22  Photon Cannon  
  169  18:24  Photon Cannon  
  169  18:26  Photon Cannon  
  169  18:29  Photon Cannon  
  169  18:31  Photon Cannon  
  169  18:48  Photon Cannon  
  169  18:50  Photon Cannon  
  169  19:03  Assimilator  
  169  19:05  Assimilator  
  181  19:11  Void Ray x2  
  181  19:12  Void Ray  
  181  19:15  Photon Cannon  
  173  19:34  Void Ray x2  
  93  20:15  Void Ray  
  93  20:16  Void Ray x2  
  93  20:20  Probe  
  86  20:28  Probe  
  86  20:33  Void Ray  
  86  20:35  Assimilator  
Show
View Real Time Build Order
Export as new Build Order

NewKiD Protoss 

Build Orders: Nexus First, Carriers, Mass Phoenix 

Get SALT Encoding   

  12  0:00  Probe  
  13  0:12  Probe  
  14  0:18  Pylon  
  14  0:24  Probe  
  15  0:32  Probe  
  15  0:40  Probe  
  17  0:51  Probe  
  18  1:00  Nexus  
  18  1:06  Probe  
  19  1:15  Gateway  
  19  1:18  Probe  
  19  1:22  Assimilator  
  20  1:26  Assimilator, Probe  
  21  1:34  Probe  
  22  1:46  Probe  
  23  1:57  Pylon  
  23  2:03  Cybernetics Core  
  23  2:07  Assimilator  
  23  2:09  Probe  
  23  2:13  Probe  
  25  2:17  Probe  
  26  2:25  Probe  
  26  2:26  Probe  
  28  2:37  Probe  
  28  2:40  Stargate  
  28  2:42  Probe  
  30  2:45  Stargate  
  30  2:47  Probe, Pylon  
  31  2:54  Assimilator, Probe  
  31  2:55  Probe  
  32  3:04  Probe  
  33  3:06  Probe  
  35  3:16  Probe  
  35  3:18  Probe  
  37  3:22  Stargate  
  37  3:23  Stargate  
  37  3:32  Probe x2  
  37  3:33  Stargate  
  39  3:42  Protoss Air Weapons Level 1  
  39  3:44  Probe  
  39  3:46  Pylon  
  39  3:47  Probe  
  41  3:56  Probe  
  41  3:59  Probe  
  43  4:06  Phoenix x2  
  43  4:07  Fleet Beacon  
  43  4:08  Probe  
  48  4:19  Probe  
  49  4:28  Phoenix  
  49  4:30  Probe  
  49  4:31  Phoenix  
  54  4:40  Nexus  
  54  4:41  Probe  
  54  4:43  Phoenix  
  57  4:46  Anion Pulse-Crystals  
  57  4:47  Pylon  
  57  4:53  Phoenix  
  57  4:58  Probe  
  60  5:01  Probe  
  60  5:06  Phoenix  
  63  5:11  Phoenix  
  63  5:13  Probe  
  63  5:14  Probe  
  67  5:23  Pylon  
  67  5:25  Probe  
  67  5:26  Probe  
  69  5:31  Pylon  
  69  5:36  Assimilator  
  69  5:37  Assimilator, Probe  
  69  5:41  Phoenix  
  72  5:44  Protoss Air Weapons Level 2  
  72  5:47  Phoenix  
  74  5:56  Phoenix  
  76  6:02  Phoenix  
  74  6:09  Probe  
  74  6:10  Phoenix  
  75  6:11  Probe  
  75  6:14  Probe  
  79  6:22  Probe  
  79  6:24  Probe  
  81  6:25  Phoenix  
  81  6:26  Probe, Phoenix  
  86  6:34  Probe, Pylon, Phoenix  
  86  6:36  Probe  
  86  6:38  Probe  
  91  6:44  Phoenix  
  91  6:45  Phoenix  
  91  6:46  Probe  
  92  6:51  Nexus  
  92  6:52  Phoenix  
  98  7:05  Phoenix  
  98  7:06  Probe x2, Pylon  
  98  7:07  Phoenix  
  100  7:14  Probe  
  105  7:16  Phoenix  
  105  7:18  Probe  
  105  7:21  Forge  
  108  7:23  Probe  
  108  7:26  Probe  
  110  7:30  Phoenix  
  110  7:32  Phoenix  
  114  7:41  Probe, Phoenix  
  117  7:50  Probe  
  116  7:55  Phoenix  
  116  7:57  Phoenix  
  114  8:06  Phoenix  
  114  8:11  Probe  
  117  8:20  Phoenix  
  117  8:22  Phoenix  
  117  8:24  Probe  
  117  8:26  Probe  
  123  8:31  Phoenix  
  123  8:45  Phoenix  
  123  8:47  Phoenix  
  119  8:54  Probe  
  118  8:56  Phoenix  
  118  8:57  Probe x2  
  118  8:58  Probe  
  118  9:01  Assimilator x2  
  118  9:02  Photon Cannon  
  123  9:06  Probe  
  123  9:07  Shield Battery  
  123  9:09  Probe  
  123  9:10  Phoenix  
  123  9:12  Phoenix  
  123  9:15  Probe  
  125  9:17  Probe  
  125  9:21  Phoenix  
  127  9:29  Probe x3  
  130  9:35  Probe, Phoenix  
  130  9:36  Phoenix  
  129  9:41  Probe x2  
  129  9:45  Probe  
  124  9:46  Phoenix  
  123  10:00  Phoenix  
  123  10:01  Phoenix  
  123  10:03  Protoss Shields Level 1  
  124  10:08  Probe x2  
  124  10:09  Stargate  
  124  10:11  Phoenix  
  123  10:22  Phoenix  
  123  10:23  Phoenix  
  123  10:24  Pylon  
  127  10:29  Phoenix  
  127  10:36  Protoss Air Weapons Level 3, Photon Cannon  
  127  10:37  Photon Cannon  
  127  10:39  Photon Cannon  
  127  10:40  Phoenix  
  127  10:41  Phoenix  
  127  10:42  Photon Cannon  
  129  10:43  Shield Battery  
  129  10:45  Pylon  
  129  10:46  Pylon  
  129  10:48  Pylon  
  133  10:53  Phoenix  
  133  10:54  Probe x4  
  139  11:01  Pylon  
  139  11:02  Phoenix  
  139  11:03  Pylon, Phoenix  
  141  11:04  Phoenix  
  141  11:08  Probe x2  
  147  11:12  Phoenix  
  131  11:19  Phoenix  
  131  11:20  Phoenix  
  131  11:21  Phoenix  
  137  11:32  Phoenix  
  139  11:42  Phoenix  
  139  11:43  Stargate  
  139  11:45  Phoenix  
  139  11:46  Phoenix  
  145  11:57  Phoenix  
  145  12:07  Phoenix  
  147  12:10  Phoenix  
  147  12:11  Phoenix  
  151  12:18  Probe  
  105  12:22  Phoenix  
  144  12:32  Phoenix x2  
  144  12:35  Phoenix  
  144  12:36  Phoenix  
  144  12:47  Phoenix  
  144  12:57  Phoenix x2  
  148  13:00  Phoenix  
  148  13:01  Phoenix  
  152  13:10  Carrier  
  140  13:19  Carrier x2  
  138  13:20  Carrier  
  156  13:37  Carrier  
  146  13:57  Protoss Air Armor Level 1  
  145  14:10  Twilight Council  
  145  14:14  Tempest  
  149  14:26  Tempest  
  149  14:28  Tempest  
  157  14:40  Tempest  
  157  14:41  Tempest  
  157  14:58  Carrier  
  152  15:09  Tempest  
  152  15:11  Tempest  
  143  15:19  Tempest  
  133  15:21  Tempest  
  137  15:42  Tempest  
  137  15:43  Tempest  
  136  15:55  Tempest  
  136  15:56  Tempest  
  136  16:14  Tempest  
  126  16:25  Tempest  
  122  16:50  Tempest  
  122  16:51  Tempest  
  130  16:56  Tempest  
  122  17:17  Tempest  
  74  17:37  Tempest  
  78  17:53  Tempest  
  82  18:07  Tempest  
  73  18:40  Tempest  
  66  19:14  Tempest  
  70  19:51  Tempest  
  60  21:14  Tempest  
Show
View Real Time Build Order
Export as new Build Order

lapinou Zerg 

Build Orders: 3 Hatch before Pool, Lurkers 

Get SALT Encoding   

  12  0:03  Drone  
  13  0:12  Overlord  
  13  0:17  Drone  
  14  0:30  Drone x2  
  16  0:36  Drone  
  17  0:51  Hatchery  
  17  0:54  Drone  
  17  1:06  Drone  
  18  1:16  Hatchery  
  17  1:29  Spawning Pool  
  17  1:32  Drone  
  17  1:35  Drone  
  17  1:39  Drone  
  19  1:45  Overlord  
  19  1:54  Drone  
  20  2:04  Drone  
  20  2:05  Drone  
  22  2:13  Drone  
  23  2:16  Queen  
  23  2:18  Queen  
  23  2:21  Drone  
  28  2:24  Drone  
  28  2:26  Drone  
  28  2:28  Drone  
  31  2:35  Queen  
  33  2:38  Drone  
  33  2:43  Overlord  
  34  2:45  Drone  
  34  2:47  Drone  
  34  2:49  Drone  
  37  2:51  Drone  
  37  2:56  Overlord  
  38  2:58  Drone  
  38  3:00  Drone  
  40  3:07  Drone  
  40  3:09  Drone  
  40  3:11  Drone  
  43  3:13  Queen  
  43  3:18  Overlord  
  45  3:20  Drone  
  45  3:22  Extractor  
  45  3:23  Drone x3  
  45  3:24  Drone, Extractor  
  45  3:25  Drone  
  49  3:27  Drone  
  49  3:29  Drone, Extractor  
  49  3:31  Drone  
  49  3:32  Drone  
  52  3:35  Drone  
  52  3:41  Drone  
  54  3:49  Drone x3  
  54  3:50  Drone  
  58  3:57  Drone x3, Extractor  
  58  3:58  Drone x2  
  62  4:04  Drone x4  
  62  4:06  Metabolic Boost  
  66  4:11  Drone, Spore Crawler  
  66  4:18  Spore Crawler  
  66  4:21  Drone  
  66  4:22  Overlord, Hatchery  
  66  4:23  Spore Crawler  
  64  4:25  Spore Crawler  
  64  4:27  Overlord x2  
  64  4:30  Spore Crawler  
  62  4:31  Spore Crawler  
  62  4:36  Spore Crawler  
  62  4:37  Overlord  
  60  4:38  Overlord  
  60  4:44  Evolution Chamber  
  60  4:45  Evolution Chamber  
  58  4:46  Drone x3  
  58  4:48  Drone  
  58  4:50  Drone  
  58  4:51  Drone  
  61  4:53  Drone  
  61  4:57  Drone  
  61  4:58  Drone x2  
  65  5:01  Drone x3  
  68  5:10  Lair  
  68  5:12  Zerg Ground Armor Level 1  
  68  5:19  Overlord x2, Zerg Missile Weapons Level 1  
  68  5:21  Zergling x2  
  68  5:22  Zergling x2  
  68  5:23  Zergling x2  
  68  5:25  Drone x2  
  68  5:27  Drone x2  
  75  5:36  Drone x5  
  75  5:37  Drone x2  
  75  5:40  Spore Crawler x2  
  75  5:41  Spore Crawler  
  75  5:42  Drone  
  80  5:43  Drone  
  80  5:46  Drone x2  
  80  5:47  Drone  
  80  5:48  Drone  
  84  5:53  Extractor  
  84  5:55  Drone x3, Extractor  
  84  5:56  Drone  
  85  6:09  Overlord  
  85  6:10  Hydralisk Den, Overlord x4  
  83  6:19  Infestation Pit  
  83  6:23  Drone x4  
  83  6:24  Drone x6  
  92  6:29  Infestation Pit  
  92  6:30  Drone  
  92  6:32  Drone x2  
  94  6:33  Drone x2, Extractor x2  
  94  6:34  Drone  
  95  6:40  Overlord x3  
  95  6:41  Muscular Augments  
  95  6:45  Zergling x2  
  95  6:46  Zergling x4, Hydralisk  
  102  6:59  Hydralisk x2  
  102  7:00  Hydralisk x4  
  102  7:01  Zergling x4  
  116  7:15  Hydralisk x5, Hive  
  117  7:20  Zerg Missile Weapons Level 2  
  125  7:25  Hydralisk x3  
  131  7:30  Hydralisk x2  
  131  7:35  Hydralisk x3  
  141  7:39  Overlord  
  141  7:40  Overlord  
  141  7:45  Grooved Spines  
  141  7:49  Zerg Ground Armor Level 2  
  141  7:51  Zergling x6, Hydralisk x2  
  132  8:02  Hydralisk x3  
  132  8:03  Zergling x8  
  134  8:11  Zergling x4, Hydralisk x2  
  134  8:32  Hydralisk x2  
  134  8:33  Hydralisk x6  
  147  8:34  Hatchery  
  147  8:39  Hydralisk x2  
  147  8:40  Zergling x6  
  150  8:44  Extractor  
  150  8:45  Extractor  
  143  8:49  Hydralisk x3  
  143  8:50  Zergling x8  
  149  8:56  Hydralisk x2  
  149  8:57  Zergling x2  
  149  9:02  Lurker Den  
  149  9:12  Hydralisk x3  
  149  9:13  Zergling x6, Hydralisk  
  154  9:19  Hydralisk  
  154  9:20  Zergling x4, Hydralisk x2  
  154  9:26  Zergling x4, Hydralisk  
  132  9:40  Hydralisk x3  
  132  9:41  Zergling x8  
  132  9:45  Hydralisk, Zerg Missile Weapons Level 3  
  131  9:46  Zergling x4, Hydralisk  
  131  9:49  Hydralisk  
  131  9:50  Zergling x2  
  128  9:59  Hydralisk x3  
  127  10:00  Zergling x4  
  127  10:08  Zergling x4, Hydralisk x3  
  127  10:11  Seismic Spines  
  135  10:18  Adrenal Glands  
  135  10:21  Zergling x4, Hydralisk x2  
  133  10:22  Zergling x2  
  140  10:38  Hatchery  
  140  10:39  Hydralisk  
  140  10:40  Hydralisk x4  
  149  10:51  Zerg Ground Armor Level 3  
  149  10:53  Zergling x10  
  153  11:06  Hydralisk x3  
  153  11:07  Zergling x4  
  153  11:09  Adaptive Talons  
  161  11:18  Overlord x5  
  161  11:19  Spore Crawler  
  160  11:27  Lurker x2  
  160  11:32  Overlord  
  162  11:37  Lurker x2  
  162  11:38  Lurker  
  165  11:40  Zergling x2  
  165  11:41  Zergling x14  
  141  12:09  Hydralisk  
  141  12:10  Zergling x8, Hydralisk x6  
  141  12:11  Zergling x8  
  158  12:22  Zerg Melee Weapons Level 1  
  156  12:27  Hydralisk x3  
  156  12:28  Zergling x8, Hydralisk x2  
  165  12:36  Infestor x3  
  166  12:42  Hydralisk x3  
  156  12:56  Hydralisk x3  
  156  12:57  Zergling x8  
  145  13:06  Hydralisk x3  
  145  13:07  Zergling x6  
  148  13:13  Zergling x4, Hydralisk  
  148  13:18  Hydralisk  
  154  13:24  Zergling x2, Hydralisk x2  
  143  13:37  Hydralisk x2  
  143  13:38  Zergling x6  
  142  13:43  Burrow  
  136  13:59  Hydralisk  
  136  14:00  Hydralisk x7  
  106  14:17  Hatchery  
  106  14:22  Lurker x2  
  106  14:23  Lurker x2  
  109  14:26  Drone  
  109  14:27  Hydralisk  
  109  14:28  Hydralisk  
  114  14:38  Hydralisk  
  114  14:39  Hydralisk x2  
  119  14:49  Hydralisk  
  119  14:50  Hydralisk x2  
  125  14:59  Hydralisk x2  
  129  15:20  Hydralisk  
  129  15:21  Hydralisk x5  
  141  15:32  Hydralisk  
  141  15:33  Hydralisk x2  
  147  15:39  Infestor  
  149  15:53  Hydralisk  
  149  15:54  Hydralisk x3  
  154  16:14  Hydralisk  
  154  16:15  Hydralisk x8  
  110  17:11  Drone x19, Hydralisk x8  
  110  17:12  Hydralisk x2  
  128  17:16  Infestor  
  127  17:27  Infestor  
  123  17:56  Hydralisk x5  
  123  17:57  Hydralisk x3  
  139  18:04  Hydralisk  
  132  18:20  Hydralisk x5  
  132  18:21  Hydralisk  
  132  18:25  Hatchery  
  111  18:51  Hydralisk  
  111  18:52  Hydralisk x3  
  116  19:04  Hydralisk  
  116  19:05  Hydralisk x7  
  116  19:07  Lurker x2  
  134  19:13  Infestor x2  
  134  19:22  Hatchery  
  133  19:38  Zergling x12  
  134  19:39  Zergling x4  
  129  19:55  Zergling x10  
  123  20:09  Hydralisk  
  110  20:47  Hydralisk x3  
  110  20:53  Zergling x2  
  110  20:54  Zergling x14  
  109  21:30  Hydralisk x2  
  113  21:33  Zergling x2  
  113  21:34  Zergling x18  
  121  21:52  Zergling x4  
Tags
 
Add a new tag
Caveats
  • Supply blocks, unpowered buildings, or Contaminate may cause inaccurate times.
  • Supply counts are checked every 10 seconds.